Unix NetHack Version 5.0.0-0 post-release - last build May 10 2026 23:12:36 (d1fa5d53e341ca933230fdaa984d921c805b60aa,branch:main).

Game began 2026-05-13 16:40:37, ended 2026-05-13 18:55:20.

Drastanta, neutral female gnomish Healer

          ------------                              -------
          |..........|                              |.....|       ---------
          |..........+      ####           #########..{...|#######|.......|
          |..........|         #########0###        |.F....#######|.......|
          |...........##########       ##  ######   -------#     #........|
          ---.-------- #       ###     #--------###########       |@...f..|
             #         #         ####)##-......|            ######qq...<..|
           ###         ###             #|....>.-#     #######     ---------
           #             #  ###        #|......|## ####
          ##             ####------- ###|...---- ###-------
     -----.-----            #|.^._..##  |..).#######|.....|
     |.........|           0#|.....|    |...|      #|..^+.-###    --------
     |.........|             |{..?.|    -----      #|.....|  ##   |)).).)|
     |...(.....|             -------               #-.....|   ##)#-..))))|
     -----------                                    |.....|       |))..).|
                                                    -------       --------

Drastanta the Empiric        St:11 Dx:10 Co:13 In:9 Wi:18 Ch:16  Neutral
Dlvl:3  $:2031 HP:0(42) Pw:52(52) AC:6  Xp:5 T:4556  Fainted  Deaf

Latest messages:
 You already found a monster.  Use 'm' prefix to force another search.
 You already found a monster.  Use 'm' prefix to force another search.
 You already found a monster.  Use 'm' prefix to force another search.
 You are too impaired to cast a spell.
 You hit the hobgoblin.
 You hit the hobgoblin.
 The hobgoblin misses!
 You kill the hobgoblin!
 You faint from lack of food.
 The large cat drops a black gem.
 You regain consciousness.
 You can hear again.
 There is a hobgoblin corpse here; eat it? [ynq] (n) y
 Blecch!  Rotten food!
 You are still weak.
 You finish eating the hobgoblin corpse.
 What do you want to eat? [EG or ?*] <esc>
 Never mind.
 The large cat drops a black gem.
 You descend the stairs.
 You swap places with the peaceful acid blob.
 You swap places with the peaceful acid blob.
 The rothe hits!
 The rothe bites!
 The rothe bites again!
 You faint from lack of food.
 The rothe hits!
 The rothe bites!
 The rothe bites again!
 The large cat bites the acid blob.
 The acid blob is killed!
 The rothe hits!
 The rothe bites!
 The rothe bites again!
 The rothe hits!
 The rothe bites!
 The rothe bites again!
 The rothe hits!
 The rothe bites!
 The rothe bites again!
 The rothe hits!
 The rothe bites!
 The rothe bites again!
 The rothe hits!
 You die...
 Do you want your possessions identified? [ynq] (y) n
 Do you want to see your attributes? [ynq] (y) y
 Do you want an account of creatures vanquished? [ynaq] (y) y
 Do you want to see your conduct and achievements? [ynq] (y) y
 Do you want to see the dungeon overview? [ynq] (y) y

Inventory:
 Coins    ('$')
  $ - 2031 gold pieces
 Amulets  ('"')
  H - a cursed amulet of restful sleep
 Weapons  (')')
  a - a +0 scalpel (weapon in right hand)
 Armor    ('[')
  b - an uncursed +1 pair of leather gloves (being worn)
  n - an uncursed +0 pair of low boots (being worn)
  F - an uncursed +0 elven cloak named Stealth (being worn)
 Comestibles  ('%')
  G - an uncursed tin of pickled kobold meat
  E - an uncursed tin of stir fried newt meat
 Scrolls  ('?')
  u - an uncursed scroll of amnesia
  l - an uncursed scroll of blank paper
  y - an uncursed scroll of enchant weapon
  o - an uncursed scroll of identify
 Spellbooks  ('+')
  h - a blessed spellbook of extra healing
  k - an uncursed spellbook of force bolt
  g - a blessed spellbook of healing
  i - a blessed spellbook of stone to flesh
 Potions  ('!')
  q - a blessed potion of fruit juice
  A - an uncursed potion of healing
  m - an uncursed potion of see invisible
 Wands    ('/')
  e - a wand of cancellation named Canc TP Invis (0:4)
  z - a blessed wand of create monster (0:11)
  I - a wand of digging (0:5)
  d - a wand of enlightenment (0:12)
  j - a wand of lightning (0:4)
  x - a wand of opening named No message (0:4)
  p - a wand of polymorph named Possible Poly (0:3)
  t - a wand of secret door detection (0:11)
  r - a wand of sleep (0:5)
  v - a wand of sleep (0:5)
  f - a wand of sleep (0:4)
  s - a wand of teleportation named Canc TP Invis (0:4)
  B - a wand of undead turning named No messsage (0:7)
 Tools    ('(')
  C - a bag of tricks (0:16)
  D - an uncursed oil lamp
  c - an uncursed stethoscope
 Gems/Stones  ('*')
  w - 2 uncursed worthless pieces of violet glass

Drastanta the Healer's attributes:

Background:
 You were an Empiric, a level 5 female gnomish Healer.
 You were neutral, on a mission for Hermes
 who was opposed by Athena (lawful) and Poseidon (chaotic).
 You were right-handed.
 You were in the Dungeons of Doom, on level 3.
 You entered the dungeon 4556 turns ago.
 You had 272 experience points, 48 more were needed to attain level 6.

Basics:
 You had 0 out of 42 hit points.
 You had all 52 energy points (spell power).
 Your armor class was 6.
 Your wallet contained 2031 zorkmids.
 Autopickup was off.

Final Characteristics:
 Your strength was 11 (base:12, limit:18/50).
 Your dexterity was 10 (limit:18).
 Your constitution was 13 (limit:18).
 Your intelligence was 9 (limit:19).
 Your wisdom was 18 (limit:18).
 Your charisma was 16 (limit:18).

Final Status:
 You were deaf.
 You were fainted due to starvation.
 You were unencumbered.
 You were wielding a knife.
 You had basic skill with knife and could have enhanced that.

Final Attributes:
 You were piously aligned.
 You were poison resistant.
 You had infravision.
 You were stealthy.
 You were warded.
 You are dead.

Miscellaneous:
 You didn't encounter any bones levels.
 Total elapsed playing time was 1 hour, 18 minutes and 30 seconds.

Major events:
 Turn
    1: Drastanta the neutral female gnomish Healer entered the dungeon
 1910: attained the rank of Empiric (level 3)
 2982: entered the Gnomish Mines
 4556: killed by a rothe, while fainted from lack of food

Spells:
 Name                 Level Category     Fail Retention
 healing                1   healing        0%   71%-80%
 extra healing          3   healing        0%   71%-80%
 stone to flesh         3   healing        0%   71%-80%

Skills:
 Fighting Skills
   bare handed combat [Unskilled]
 Weapon Skills
   dagger             [Unskilled]
   knife              [Basic]
   short sword        [Unskilled]
   saber              [Unskilled]
   club               [Unskilled]
   mace               [Unskilled]
   quarterstaff       [Unskilled]
   polearms           [Unskilled]
   spear              [Unskilled]
   trident            [Unskilled]
   sling              [Unskilled]
   dart               [Unskilled]
   shuriken           [Unskilled]
   unicorn horn       [Unskilled]
 Spellcasting Skills
   healing spells     [Basic]

Voluntary challenges:
 Character rerolling was not enabled.
 You never genocided any monsters.
 You never polymorphed an object.
 You never changed form.
 You used no wishes.
Achievements:
 You entered a shop.
 You attained the rank of Empiric.
 You entered the Gnomish Mines.

 The Dungeons of Doom: levels 1 to 6
    Level 1:
    Level 2:
       A general store.
    Level 3: <- You were here.
       A weapon shop, an altar to Hermes, some fountains.
       Final resting place for
          you, killed by a rothe, while fainted from lack of food.
    Level 4:
       A wand shop.
       Stairs down to The Gnomish Mines.
    Level 5:
       Many fountains.
    Level 6:
       A grave.
 The Gnomish Mines:
    Level 5:


Vanquished creatures:
  2 small mimics
  a leprechaun
 an Uruk-hai
  2 rock piercers
  2 shriekers
  a violet fungus
  2 homunculi
  2 kobold leaders
  3 hill orcs
  3 orc zombies
  2 dwarf zombies
  a werejackal
 an iguana
 an acid blob
  3 coyotes
  a gas spore
 11 manes
  a hobgoblin
  a giant rat
  3 brown molds
  a yellow mold
  a green mold
  5 gnome zombies
  a gecko
  a jackal
  2 foxes
  2 goblins
  4 sewer rats
  3 grid bugs
  5 bats
  a lichen
  2 kobold zombies
 13 newts
85 creatures vanquished.

No species were genocided or became extinct.

Game over:
                       ----------
                      /          \
                     /    REST    \
                    /      IN      \
                   /     PEACE      \
                  /                  \
                  |    Drastanta     |
                  |     2031 Au      |
                  |   killed by a    |
                  |      rothe       |
                  |                  |
                  |                  |
                  |       2026       |
                 *|     *  *  *      | *
        _________)/\\_//(\/(/\)/\//\/|_)_______

Goodbye Drastanta the Healer...

You died in The Dungeons of Doom on dungeon level 3 with 1460 points,
and 2031 pieces of gold, after 4556 moves.
You were level 5 with a maximum of 42 hit points when you died.

